 Dungeon Crawl Stone Soup version 0.31.0-7-gf635a9b802 (webtiles) character file.

Game seed: 10203874357994678263

35 monsoonserge the Grasshopper (level 3, 0/27 HPs)
             Began as a Demonspawn Warper on Jan 23, 2024.
             Slain by an adder (4 damage)
             ... on level 2 of the Dungeon.
             The game lasted 00:03:49 (1161 turns).

monsoonserge the Grasshopper (Demonspawn Warper)    Turns: 1161, Time: 00:03:50

Health: 0/27       AC:  5    Str: 11    XL:     3   Next: 17%
Magic:  6/6        EV: 11    Int: 15    God:
Gold:   21         SH:  0    Dex: 12    Spells: 4/6 levels left

rFire   . . .        a - +0 mace
rCold   . . .        (no shield)
rNeg    . . .        b - +0 leather armour
rPois   .            (no helmet)
rElec   .            (no cloak)
rCorr   .            (no gloves)
SInv    .            (no boots)
Will    .....        (no amulet)
Stlth   +            (no ring)
HPRegen 0.24/turn    (no ring)
MPRegen 0.10/turn

%: no passive effects
@: very slightly contaminated
A: molten scales 1
a: no special abilities


You were on level 2 of the Dungeon.
You visited 1 branch of the dungeon, and saw 2 of its levels.

You collected 21 gold pieces.

Inventory:

Hand Weapons
 a - a +0 mace (weapon)
Missiles
 d - 7 darts of dispersal (quivered)
Armour
 b - a +0 leather armour (worn)
Scrolls
 c - a scroll of blinking
 e - a scroll of fog {unknown}
 f - a scroll of poison {unknown}
 i - a scroll of butterflies {unknown}


   Skills:
 + Level 2.1 Fighting
 + Level 2.3 Maces & Flails
 + Level 0.9 Throwing
 + Level 1.2 Armour
 + Level 2.1 Dodging
 - Level 2.0 Spellcasting
 + Level 3.2 Translocations


You had 4 spell levels left.
You knew the following spells:

 Your Spells              Type           Power      Damage    Failure   Level
a - Blink                 Tloc           22%        N/A       12%         2

Your spell library contained the following spells:

 Spells                   Type           Power      Damage    Failure   Level
 Lesser Beckoning         Tloc           22%        N/A       12%         2
 Teleport Other           Tloc           11%        N/A       24%         3
 Manifold Assault         Tloc           11%        N/A       61%         4
 Vhi's Electric Charge    Tloc/Air       12%        N/A       83%         4


Dungeon Overview and Level Annotations

Branches:
Dungeon (2/15)

Altars:
Cheibriados

Annotations:
D:2 Jessica, Sigmund


Innate Abilities, Weirdness & Mutations

You are partially covered in molten scales. (AC +2)


Message History

You feel sick.
You are no longer poisoned.
The adder misses you. The adder bites you.
* * * LOW HITPOINT WARNING * * *
Casting: Blink (safe; 12% risk of failure)
Confirm with . or Enter, or press ? or * to list all spells.
You miscast Blink.
You are very lightly contaminated with residual magic.
Nothing appears to happen.
The adder misses you.
Casting: Blink (safe; 12% risk of failure)
Confirm with . or Enter, or press ? or * to list all spells.
You blink.
Jessica gestures wildly while chanting.
Jessica blinks!
Jessica closely misses you. The adder barely misses you.
It was a potion of curing.
You feel better. Jessica casts a spell at you.
You barely resist. The adder bites you.
It was a potion of magic.
Magic courses through your body. Jessica closely misses you.
The adder barely misses you. Jessica barely misses you.
You miss the adder.
The adder is moderately wounded.
Jessica hits you with a +0 club.
* * * LOW HITPOINT WARNING * * *
The adder bites you but does no damage. Jessica hits you with a +0 club.
* * * LOW HITPOINT WARNING * * *
The adder barely misses you.
You feel better. Jessica casts a spell at you. Pain shoots through your body!
* * * LOW HITPOINT WARNING * * *
The adder bites you but does no damage.
You hit the adder but do no damage.
The adder is moderately wounded.
You feel ready to blink again. Jessica closely misses you.
The adder bites you but does no damage. Jessica hits you with a +0 club.
* * * LOW HITPOINT WARNING * * *
The adder bites you.
You die...

#.#####.######..
...............
###...........
#.#...#.######..
................ ####
#.##.##.#######.# ... #
#.......... ...
##.##.##S#######'## ...
.......@.## #...# #..
.......@.<# #...# #.#
##.##.#########...####.#
... ...........#.# ...#
.....#...#...^ #..
.....#...#...# #.
.............. .
........##....
##...#..##....


You could see an adder and Jessica (fast).

Vanquished Creatures
  A gnoll (D:1)
  3 bats
  2 endoplasms (D:1)
  2 giant cockroaches (D:1)
  3 hobgoblins
  4 kobolds (D:1)
  A quokka (D:1)
  2 ball pythons (D:1)
  2 frilled lizards (D:1)
  3 goblins (D:1)
  2 rats
25 creatures vanquished.

Notes
Turn   | Place    | Note
-------+----------+-------------------------------------------
     0 | D:1      | monsoonserge the Demonspawn Warper began the quest for the
                  | Orb.
     0 | D:1      | Reached XP level 1. HP: 16/16 MP: 3/3
    19 | D:1      | Found a faded altar of an unknown god.
   102 | D:1      | Reached skill level 3 in Translocations
   270 | D:1      | Gained mutation: You are partially covered in molten
                  | scales. (AC +2) [demonic ancestry]
   270 | D:1      | Reached XP level 2. HP: 22/22 MP: 5/5
   273 | D:1      | Learned a level 2 spell: Blink
   660 | D:1      | Reached skill level 1 in Armour
   929 | D:2      | Found a snail-covered altar of Cheibriados.
   948 | D:2      | Noticed Sigmund
  1080 | D:1      | Reached XP level 3. HP: 15/27 MP: 1/6
  1133 | D:2      | Noticed Jessica
  1161 | D:2      | Slain by an adder

Illustrated notes

Levels and vault maps discovered:
D:1:      dpeg_arrival_shelter, layout_loops_corners, basic_ecumenical_altar
D:2:      layout_basic, basic_altar, uniq_sigmund, uniq_crazy_yiuf_cottage,
          uniq_jessica

Skill      XL: |  1  2 |
---------------+-------+-----
Dodging        | 2 |  2.1
Translocations | 3 |  3.2
Maces & Flails | 2 |  2.3
Armour         | 1 |  1.2
Fighting       | |  2.1
Throwing       | |  0.9
Spellcasting   | |  2.0

Action                     || total
---------------------------++-------
  Melee: Mace              ||    82
   Cast: Blink             ||     4
    Use: Potion            ||     3
 Armour: Leather armour    ||    70
  Dodge: Dodged            ||    66
